 Dungeon Crawl Stone Soup version 0.28.0-43-g3370ac3207 (webtiles) character file.

Game seed: 15186869177676006009

38280 DrunkBamboolord the Stormcaller (level 14, -4/68 HPs)
             Began as a Tengu Air Elementalist on Mar 7, 2022.
             Was a High Priest of Vehumet.
             Slain by a seven-headed hydra (13 damage)
             ... on level 6 of the Lair of Beasts.
             The game lasted 01:02:47 (23070 turns).

DrunkBamboolord the Stormcaller (TeAE)             Turns: 23070, Time: 01:02:50

Health: -4/68      AC:  8    Str:  8    XL:     14   Next: 1%
Magic:  20/32      EV: 20    Int: 19    God:    Vehumet [*****.]
Gold:   1220       SH:  0    Dex: 17    Spells: 5/40 levels left

rFire   . . .      SeeInvis .   (no weapon)
rCold   . . .      Faith    .   (no shield)
rNeg    . . .      Spirit   .   a - +1 robe
rPois   .          Reflect  .   (helmet restricted)
rElec   .          Harm     .   E - +1 cloak
rCorr   .          Rampage  .   s - +2 pair of gloves
Will    ++...                   (boots unavailable)
Stlth   ++........              B - amulet of magic regeneration
HPRegen 0.21/turn               c - ring of wizardry
MPRegen 0.63/turn               K - ring of willpower

@: about to teleport, flying quickly and evasively, hasted, studying Bows, very
quick
A: beak, talons 3, nimble flight
a: Renounce Religion


You were on level 6 of the Lair of Beasts.
You worshipped Vehumet.
Vehumet was extremely pleased with you.
You visited 3 branches of the dungeon, and saw 18 of its levels.

You collected 1220 gold pieces.

Inventory:

Hand Weapons
 b - the +4 trident "Beetlebane" {freeze, Fly rN++ Int-5 SInv}
   (You found it on level 5 of the Dungeon)

   It freezes those it strikes, dealing additional cold damage.
   It can also slow down cold-blooded creatures.
   Int:       It affects your intelligence (-5).
   rN:        It greatly protects you from negative energy.
   SInv:      It lets you see invisible.
   Fly:       It grants you flight.
Missiles
 A - 2 throwing nets
Armour
 a - a +1 robe (worn)
 s - a +2 pair of gloves (worn)
 E - a +1 cloak (worn)
 F - +0 acid dragon scales
Jewellery
 c - a ring of wizardry (left hand)
 q - a +6 ring of dexterity
 B - an amulet of magic regeneration (around neck)
 K - a ring of willpower (right hand)
 M - a +4 ring of slaying
 P - a ring of see invisible
Wands
 k - a wand of acid (25)
 r - a wand of digging (3)
 u - a wand of iceblast (16)
 w - a wand of charming (8)
 D - a wand of mindburst (10)
 J - a wand of paralysis (2)
 L - a wand of flame (13)
Scrolls
 d - 3 scrolls of amnesia
 e - 5 scrolls of immolation
 g - 5 scrolls of fear
 i - a scroll of noise
 n - a scroll of teleportation
 o - a scroll of vulnerability
 p - 3 scrolls of silence
 v - a scroll of holy word
 y - a scroll of magic mapping
 H - a scroll of summoning
Potions
 f - 2 potions of might {unknown}
 h - 2 potions of heal wounds
 l - a potion of attraction
 m - a potion of invisibility
 t - 4 potions of ambrosia
 x - a potion of flight {unknown}
 z - a potion of brilliance {unknown}
 C - 3 potions of cancellation
 G - a potion of haste
 I - 3 potions of lignification
 N - a potion of berserk rage
 O - 2 potions of degeneration {unknown}
 R - a potion of resistance


   Skills:
 * Level 8.9 Dodging
 - Level 3.0 Stealth
 * Level 13.9 Spellcasting
 * Level 10.5 Conjurations
 - Level 0.1 Summonings
 * Level 8.3 Fire Magic
 * Level 16.6 Air Magic


You had 5 spell levels left.
You knew the following spells:

 Your Spells              Type           Power      Damage    Failure   Level
a - Shock                 Conj/Air       100%       1d9       0%          1
b - Static Discharge      Conj/Air       60%        N/A       1%          2
c - Swiftness             Air            67%        N/A       0%          3
d - Airstrike             Air            33%        N/A       1%          4
e - Inner Flame           Hex/Fire       29%        N/A       1%          3
f - Flame Wave            Conj/Fire      49%        2d10      1%          4
g - Summon Lightning Spi  Summ/Air       45%        N/A       1%          4
h - Maxwell's Capacitive  Air            33%        ∞         4%          8
i - Conjure Ball Lightni  Conj/Air       30%        3x3d10    1%          6

Your spell library contained the following spells:

 Spells                   Type           Power      Damage    Failure   Level
 Apportation              Tloc           26%        N/A       1%          1
 Foxfire                  Conj/Fire      100%       2x1d9     1%          1
 Sting                    Tmut/Pois      52%        1d5       1%          1
 Poisonous Vapours        Pois/Air       88%        N/A       1%          2
 Conjure Flame            Conj/Fire      49%        6-21      1%          3
 Hailstorm                Conj/Ice       33%        3d8       1%          4
 Ensorcelled Hibernation  Hex/Ice        26%        N/A       3%          2
 Sublimation of Blood     Necr           13%        N/A       3%          2
 Wereblood                Tmut           13%        N/A       3%          2
 Spider Form              Tmut/Pois      13%        N/A       6%          3
 Olgreb's Toxic Radiance  Pois           13%        N/A       6%          4
 Lee's Rapid Deconstruct  Erth           6%         3d7*      14%         5
 Anguish                  Hex/Necr       6%         N/A       21%         4
 Cause Fear               Hex            6%         N/A       21%         4
 Ice Form                 Ice/Tmut       13%        N/A       21%         4
 Leda's Liquefaction      Hex/Erth       6%         N/A       21%         4
 Alistair's Intoxication  Tmut/Pois      8%         N/A       45%         5
 Storm Form               Tmut/Air       22%        N/A       45%         7
 Simulacrum               Ice/Necr       6%         N/A       95%         6
 Statue Form              Tmut/Erth      8%         N/A       95%         6
 Summon Hydra             Summ           6%         N/A       100%        7
 Discord                  Hex            6%         N/A       100%        8


Dungeon Overview and Level Annotations

Branches:
Dungeon (11/15)            Temple (1/1) D:7            Lair (6/6) D:8
  Swamp (0/4) Lair:4       Spider (0/4) Lair:2        Slime (0/5) Lair:5
    Orc: D:9-12

Altars:
Ashenzari
Cheibriados
Dithmenos
Elyvilon
Fedhas
Gozag
Hepliaklqana
Kikubaaqudgha
Makhleb
Nemelex Xobeh
Okawaru
Qazlal
Ru
Sif Muna
Trog
Uskayaw
Vehumet
Wu Jian
Xom
Yredelemnul
Zin
The Shining One
Jiyva

Portals:
Abyss: D:3

Annotations:
D:3 2 transporters, Elsvaer's ghost, amateur DECj
D:11 Gastronok
Lair:5 2 transporters


Innate Abilities, Weirdness & Mutations

You have a beak for a mouth.
You have claws for feet.
Your magical nature lets you fly swiftly and evasively.


Message History

The seven-headed hydra bites the fungus! x4
The seven-headed hydra bites the fungus!!
The seven-headed hydra bites the fungus!
A yak comes into view.
The cane toad closely misses you.
The yak bellows!
The water moccasin hisses angrily.
A yak comes into view.
The yak bellows!
You hear a bellow! x2
As you read the scroll of teleportation, it crumbles to dust.
You feel strangely unstable.
A nearby fungus withers and dies.
The cane toad completely misses you.
You feel yourself speed up.
The water moccasin bites something!
You feel much better. The goliath frog misses you.
The seven-headed hydra bites you!
The seven-headed hydra barely misses you.
The seven-headed hydra bites you! The seven-headed hydra bites you.
The seven-headed hydra completely misses you.
The seven-headed hydra bites you but does no damage.
The seven-headed hydra barely misses you.
You hear a bellow!
You hear a bellow! x4
The blink frog blinks!
The goliath frog hits you from afar.
You are splashed with acid!
You hear a bellow! x2
You hear a bellow!
The goliath frog misses you. The seven-headed hydra misses you.
The seven-headed hydra barely misses you.
The seven-headed hydra completely misses you.
The seven-headed hydra closely misses you. x2
The seven-headed hydra bites you!
* * * LOW HITPOINT WARNING * * *
The seven-headed hydra bites you!
* * * LOW HITPOINT WARNING * * *
You feel much better. The goliath frog misses you.
The seven-headed hydra barely misses you.
The seven-headed hydra bites you!
* * * LOW HITPOINT WARNING * * *
The seven-headed hydra bites you but does no damage.
The seven-headed hydra bites you!
You die...

. .......
.#...Y.....
#...........
#............
#P...........
#####SP.P........
#@#YPP..Y........
##DFF.P..........
#S.....P........
#....#..§.........
##......#...####.
#..#.####..P#
##..## #...P# #.#
#....# #...
##..P######


You could see a seven-headed hydra, a goliath frog, a cane toad and a water
moccasin.

Vanquished Creatures
  5 hydras
  A catoblepas (Lair:4)
  A boulder beetle (Lair:2)
  Urug (Lair:2)
  Nergalle (Lair:1)
  A bog body (Lair:4)
  2 oklob plants (Lair:2)
  9 elephants
  Maurice (D:9)
  Joseph (D:8)
  5 black mambas
  17 cane toads
  6 komodo dragons
  5 rime drakes
  2 polar bears (Lair:5)
  A queen bee (Lair:2)
  A hornet (D:8)
  Prince Ribbit (D:6)
  A troll (D:11)
  17 blink frogs
  Sigmund (D:2)
  6 wyverns
  A shadow (D:8)
  21 yaks
  2 steam dragons
  5 basilisks
  Grum (Lair:1)
  4 vampire mosquitoes
  An acid dragon (D:9)
  3 swamp worms (Lair:4)
  8 water moccasins
  A black bear (Lair:3)
  3 sky beasts
  4 orc warriors
  An ice beast (D:7)
  4 ogres
  16 wolves
  4 centaurs
  2 kobold brigands
  15 bullfrogs
  3 scorpions
  30 killer bees
  A howler monkey (D:11)
  5 wights (D:9)
  4 electric eels
  A crimson imp (D:8)
  7 centaur zombies
  2 hounds
  A gnoll shaman (D:8)
  A jelly (D:7)
  4 orc priests
  4 centaur skeletons
  3 iguanas
  Crazy Yiuf (D:3)
  A scorpion zombie (D:5)
  8 hell rats
  4 orc wizards
  A killer bee zombie (D:8)
  3 howler monkey zombies
  3 gnolls (D:8)
  7 adders
  3 shadow imps
  4 white imps
  4 worms
  11 orcs
  5 endoplasms
  4 giant cockroaches
  11 goblins
  8 hobgoblins
  4 jackals (D:2)
  4 quokkas
  5 ball pythons
  6 bats
  4 frilled lizards
  19 kobolds
  5 rats
  A bush (Lair:4)
  A butterfly (Lair:6)
375 creatures vanquished.

Vanquished Creatures (others)
  2 killer bees (Lair:1)
  33 fungi
  79 plants
114 creatures vanquished.

Grand Total: 489 creatures vanquished

Notes
Turn   | Place    | Note
-------+----------+-------------------------------------------
     0 | D:1      | DrunkBamboolord the Tengu Air Elementalist began the quest
                  | for the Orb.
     0 | D:1      | Reached XP level 1. HP: 10/10 MP: 4/4
   270 | D:1      | Reached XP level 2. HP: 15/15 MP: 4/6
  1001 | D:2      | Noticed Sigmund
  1092 | D:2      | Found a basalt altar of Yredelemnul.
  1115 | D:2      | Learned a level 2 spell: Static Discharge
  1185 | D:2      | Reached XP level 3. HP: 19/19 MP: 3/7
  1451 | D:2      | Reached skill level 5 in Air Magic
  1755 | D:2      | Found a faded altar of an unknown god.
  2217 | D:1      | Learned a level 3 spell: Swiftness
  2288 | D:2      | Reached XP level 4. HP: 24/24 MP: 5/9
  2864 | D:3      | Noticed a small abomination
  2873 | D:3      | Found a transporter.
  2878 | D:3      | Found a one-way gate to the infinite horrors of the Abyss.
  2878 | D:3      | Noticed Elsvaer's ghost (amateur DECj)
  2879 | D:3      | Noticed a small abomination
  2879 | D:3      | Noticed a toenail golem
  3056 | D:3      | Found a transporter.
  3189 | D:3      | Found a sparkling altar of Nemelex Xobeh.
  3481 | D:3      | Noticed an ogre
  3525 | D:3      | Killed an ogre
  3526 | D:3      | Gained mutation: Your magical nature lets you fly swiftly
                  | and evasively. [Tengu growth]
  3526 | D:3      | Reached XP level 5. HP: 19/28 MP: 0/11
  3709 | D:3      | Found a runed translucent door.
  3710 | D:3      | Noticed Crazy Yiuf
  3783 | D:3      | Found a hide-covered altar of Uskayaw.
  3919 | D:3      | Learned a level 4 spell: Airstrike
  4107 | D:2      | Killed Sigmund
  4108 | D:2      | Reached skill level 6 in Air Magic
  4108 | D:2      | Reached XP level 6. HP: 32/32 MP: 1/13
  4136 | D:3      | Learned a level 3 spell: Inner Flame
  4272 | D:4      | Reached XP level 7. HP: 24/36 MP: 4/14
  4593 | D:4      | Reached skill level 1 in Fire Magic
  5029 | D:5      | Entered Level 5 of the Dungeon
  5348 | D:5      | Reached skill level 7 in Air Magic
  5585 | D:5      | Identified the +4 trident "Beetlebane" {freeze, Fly rN++
                  | Int-5 SInv}
  5924 | D:6      | Reached skill level 5 in Spellcasting
  5924 | D:6      | Reached skill level 5 in Conjurations
  5924 | D:6      | Reached XP level 8. HP: 31/41 MP: 12/16
  6506 | D:6      | Noticed Prince Ribbit
  7592 | D:6      | Reached skill level 8 in Air Magic
  7737 | D:6      | Killed Prince Ribbit
  7738 | D:6      | Reached XP level 9. HP: 45/45 MP: 5/19
  8014 | D:6      | Learned a level 4 spell: Flame Wave
  8402 | D:7      | Found a staircase to the Ecumenical Temple.
  8478 | Temple   | Entered the Ecumenical Temple
  8669 | Temple   | Became a worshipper of Vehumet
  8855 | D:7      | Reached skill level 9 in Air Magic
  9127 | D:7      | Reached skill level 5 in Dodging
  9588 | D:7      | Learned a level 4 spell: Summon Lightning Spire
  9934 | D:8      | Noticed Joseph
 10125 | D:8      | Killed Joseph
 10140 | D:8      | Noticed a komodo dragon
 10165 | D:8      | Killed a komodo dragon
 10303 | D:8      | Found a staircase to the Lair.
 10545 | D:8      | Reached XP level 10. HP: 50/50 MP: 10/23
 10734 | D:8      | Found a burning altar of Makhleb.
 10750 | D:8      | Reached skill level 10 in Air Magic
 11787 | D:9      | Noticed Maurice
 11794 | D:9      | Killed Maurice
 12002 | D:3      | Killed Crazy Yiuf
 12186 | D:9      | Reached * piety under Vehumet
 12186 | D:9      | Offered knowledge of Magic Dart by Vehumet.
 12228 | D:9      | Reached skill level 5 in Fire Magic
 12906 | D:10     | Entered Level 10 of the Dungeon
 13258 | D:10     | Found a blossoming altar of Fedhas.
 13259 | D:10     | Reached skill level 11 in Air Magic
 14480 | D:11     | Noticed Gastronok
 14573 | Lair:1   | Entered Level 1 of the Lair of Beasts
 14597 | Lair:1   | Reached XP level 11. HP: 54/54 MP: 15/25
 14748 | Lair:1   | Reached ** piety under Vehumet
 14749 | Lair:1   | Offered knowledge of Sandblast by Vehumet.
 15065 | Lair:1   | Reached skill level 10 in Spellcasting
 15554 | Lair:1   | Noticed Grum
 15562 | Lair:1   | Killed Grum
 15624 | Lair:1   | Reached skill level 12 in Air Magic
 16063 | Lair:1   | Noticed Nergalle
 16068 | Lair:1   | Killed Nergalle
 16674 | Lair:2   | Noticed a six-headed hydra
 16678 | Lair:2   | Killed a six-headed hydra
 16692 | Lair:2   | Noticed an eight-headed hydra
 17126 | Lair:2   | Reached skill level 13 in Air Magic
 17126 | Lair:2   | Reached XP level 12. HP: 47/59 MP: 10/28
 17127 | Lair:2   | Offered knowledge of Ignite Poison by Vehumet.
 17214 | Lair:2   | Noticed Urug
 17226 | Lair:2   | Killed Urug
 17226 | Lair:2   | Reached *** piety under Vehumet
 17671 | Lair:2   | Killed an eight-headed hydra
 17745 | Lair:2   | Offered knowledge of Sticky Flame by Vehumet.
 17755 | Lair:2   | Learned a level 8 spell: Maxwell's Capacitive Coupling
 17955 | Lair:2   | Reached skill level 14 in Air Magic
 18236 | Lair:2   | Reached **** piety under Vehumet
 18645 | Lair:2   | Offered knowledge of Olgreb's Toxic Radiance by Vehumet.
 18689 | Lair:2   | You are sucked into a shaft and drop 2 floors!
 19038 | Lair:3   | Noticed a seven-headed hydra
 19042 | Lair:3   | Killed a seven-headed hydra
 19043 | Lair:3   | Reached XP level 13. HP: 63/63 MP: 18/30
 19318 | Lair:3   | Reached skill level 15 in Air Magic
 19393 | Lair:3   | Reached ***** piety under Vehumet
 19393 | Lair:3   | Offered knowledge of Conjure Ball Lightning by Vehumet.
 19724 | Lair:2   | Reached skill level 10 in Conjurations
 19995 | Lair:2   | Found a hole to the Spider Nest.
 21108 | Lair:4   | Reached skill level 16 in Air Magic
 21292 | Lair:4   | Identified the +1 leather armour of the Robin {*Corrode
                  | rPois Int+2 Stlth+}
 21448 | Lair:4   | Found a staircase to the Swamp.
 22058 | Lair:5   | Found a transporter.
 22079 | Lair:5   | Found a staircase to the Slime Pits.
 22080 | Lair:5   | Found a viscous altar of Jiyva.
 22118 | Lair:5   | Found a transporter.
 22240 | Lair:5   | Learned a level 6 spell: Conjure Ball Lightning
 22558 | Lair:6   | Entered Level 6 of the Lair of Beasts
 23042 | Lair:6   | Reached XP level 14. HP: 68/68 MP: 25/32
 23069 | Lair:6   | HP: 2/68 [seven-headed hydra (9)]
 23070 | Lair:6   | Slain by a seven-headed hydra

Illustrated notes

Levels and vault maps discovered:
D:1:      mrwooster_arrival_arrow, layout_rooms, chequers_serial_rivers_large_a,
          chequers_big_river, chequers_hall_statues_corner_a, chequers_jeans
D:2:      layout_rooms, basic_altar, shapermc_ecumenical_altar_mp_highgroup,
          minmay_close_crescents, uniq_sigmund
D:3:      layout_basic, mainiacjoe_overflow_swirl,
          gammafunk_ghost_abyssal_escape, kennysheep_nondescript,
          minmay_misc_feat_x, uniq_crazy_yiuf_cottage
D:4:      layout_cave_pools, minmay_manual_monstrance
D:5:      layout_basic
D:6:      layout_basic, uniq_prince_ribbit1
D:7:      layout_loops_ring, temple_hall
D:8:      layout_cave_pools, makhleb_grotto_becter, david_lair_shrubbed,
          uniq_joseph
D:9:      layout_basic, st_stairs_13, uniq_maurice
D:10:     layout_basic, fedhas_altar_fruit_tree
D:11:     layout_irregular_city, orc_0_dummy, serial_shops,
          nicolae_take_the_stairs, nicolae_yredelemnul_ghost_church,
          uniq_gastronok
Temple:   dpeg_five_rooms_temple
Lair:1:   layout_roguey, hibernation_bobbens, grunt_megastairs_3,
          lemuel_fruit_fields, uniq_grum, uniq_nergalle
Lair:2:   regret_index_harrowing_hell_hive, layout_hall_layers,
          nicolae_spider_entry_non_spiders, uniq_urug
Lair:3:   layout_hall_layers
Lair:4:   layout_gridlike, nicolae_swamp_entry_splash_gauntlet
Lair:5:   gammafunk_cloud_chamber, layout_concentric_octagons, slime_altar_1
Lair:6:   minmay_lair_end_frog_pond, layout_small_grid, dpeg_oklob_1,
          lemuel_fruit_fields, lemuel_fruit_tree, serial_bayou_shore_a

Skill      XL: |  1  2  3  4  5  6  7  8  9 10 11 12 13 |
---------------+----------------------------------------+-----
Air Magic      | 5 6 7 8 9 11 13 14 16 | 16.6
Conjurations   | 2 3 5 6 7 8 9 10 | 10.5
Spellcasting   | 3 4 5 6 8 9 11 12 13 | 13.9
Dodging        | 3 4 5 6 7 8 |  8.9
Fire Magic     | 1 3 4 5 6 7 8 |  8.3
Stealth        | 3 |  3.0
Summonings     | |  0.1

Action                   |  1- 3 |  4- 6 |  7- 9 | 10-12 | 13-15 || total
-------------------------+-------+-------+-------+-------+-------++-------
Melee: Unarmed           |    12 |       |    19 |     7 |     1 ||    39
       Peck              |     3 |       |     7 |     1 |     1 ||    12
       Kick              |     1 |       |    10 |     4 |     1 ||    16
       Punch             |       |       |     1 |       |       ||     1
 Cast: Shock             |    95 |    50 |    88 |    38 |     1 ||   272
       Static Discharge  |       |     5 |    12 |    40 |     4 ||    61
       Airstrike         |       |     2 |    60 |   223 |   165 ||   450
       Inner Flame       |       |       |    23 |    81 |    12 ||   116
       Flame Wave        |       |       |       |    16 |     2 ||    18
       Summon Lightning  |       |       |       |     2 |     1 ||     3
       Maxwell's Capacit |       |       |       |       |     6 ||     6
  Use: Scroll            |     4 |       |     3 |    13 |     4 ||    24
       Potion            |     1 |       |       |     8 |     4 ||    13
Armor: Robe              |     9 |     1 |    19 |    20 |    11 ||    60
Dodge: Dodged            |    22 |     6 |   101 |   185 |   106 ||   420
